 Dungeon Crawl Stone Soup version 0.27.1-34-g3ba077fa99 (webtiles) character file.

Game seed: 16493940672851925794

84 Fek the Skirmisher (level 4, -1/40 HPs)
             Began as a Hill Orc Fighter on Jan 30, 2022.
             Succumbed to an adder's poison
             ... on level 3 of the Dungeon.
             The game lasted 00:03:24 (2385 turns).

Fek the Skirmisher (Hill Orc Fighter)               Turns: 2385, Time: 00:03:25

Health: -1/40      AC: 11    Str: 19    XL:     4   Next: 46%
Magic:  4/4        EV:  7    Int:  8    God:
Gold:   97         SH: 14    Dex: 10    Spells: 3/3 levels left

rFire    . . .     SeeInvis .   a - +0 war axe
rCold    . . .     Faith    .   c - +0 kite shield
rNeg     . . .     Spirit   .   b - +0 scale mail
rPois    .         Reflect  +   (no helmet)
rElec    .         Harm     .   (no cloak)
rCorr    .         Rampage  .   (no gloves)
Will     .....                  (no boots)
Stlth    ..........             h - amulet of reflection
HPRegen  0.13/turn              k - +4 ring of protection
MPRegen  0.09/turn              (no ring)

@: lethally poisoned (-1 -> -8), very slow
A: no striking features
a: no special abilities


You were on level 3 of the Dungeon.
You visited 1 branch of the dungeon, and saw 3 of its levels.

You collected 97 gold pieces.

Inventory:

Hand Weapons
 a - a +0 war axe (weapon)
Armour
 b - a +0 scale mail (worn)
 c - a +0 kite shield (worn)
Jewellery
 h - an amulet of reflection (around neck)
 k - a +4 ring of protection (left hand)
Scrolls
 e - 2 scrolls of teleportation {unknown}
 f - a scroll of enchant weapon {unknown}
 g - a scroll of fear {unknown}
 j - a scroll of vulnerability {unknown}
 l - a scroll of identify {unknown}
 m - a scroll of fog {unknown}
Potions
 d - 2 potions of might
 i - a potion of invisibility {unknown}


   Skills:
 + Level 4.1 Fighting
 + Level 4.1 Axes
 + Level 3.8 Armour
 + Level 0.5 Dodging
 + Level 0.1 Stealth
 + Level 3.9 Shields


You had 3 spell levels left.
You didn't know any spells.
Your spell library contained the following spells:

 Spells                   Type           Power      Damage    Failure   Level
 Tukima's Dance           Hex            0%         N/A       100%        3
 Passage of Golubria      Tloc           N/A        N/A       100%        4
 Yara's Violent Unravell  Hex/Tmut       0%         3d3       100%        5


Dungeon Overview and Level Annotations

Branches:
Dungeon (3/15)

Altars:
Makhleb

Shops:
D:1 [


Message History

* * * LOW HITPOINT WARNING * * *
Your unstable footing causes you to fumble your attack.
You feel sick. The adder barely misses you.
The rat twitches its whiskers.
You block the adder's attack.
Your unstable footing causes you to fumble your attack.
You feel sick.
You are no longer poisoned.
You block the adder's attack. The adder bites you but does no damage.
You miss the adder. The adder bites you but does no damage.
The adder closely misses you.
You miss the adder. The adder barely misses you.
The adder bites you but does no damage.
Your unstable footing causes you to fumble your attack.
You block the adder's attack.
You closely miss the adder. You block the adder's attack. x2
Your unstable footing causes you to fumble your attack.
The adder barely misses you. The adder bites you but does no damage.
Your unstable footing causes you to fumble your attack.
You block the adder's attack. x2
Your unstable footing causes you to fumble your attack.
You block the adder's attack. The adder bites you.
* * * LOW HITPOINT WARNING * * *
Unknown command.
You closely miss the adder. You block the adder's attack. x2
You barely miss the adder. You block the adder's attack.
The adder bites you but does no damage.
Your unstable footing causes you to fumble your attack.
You block the adder's attack. The adder bites you.
* * * LOW HITPOINT WARNING * * *
Unknown command.
You closely miss the adder. The adder bites you but does no damage.
You block the adder's attack.
Your unstable footing causes you to fumble your attack.
The adder closely misses you. The adder bites you.
* * * LOW HITPOINT WARNING * * *
You are lethally poisoned!
The adder poisons you!
Your unstable footing causes you to fumble your attack.
You die... .._.##.# .# .......##.## ≈# .##.##.....# ≈ #.#.#..##.# ##≈ #.<.......## #≈≈ ....##.##..# #≈## #.#.##.##.## # #rw

#.#.##.....#
#≈#S####
..#.#####.##
#≈≈@≈†≈# ###.#
#.#########≈# ###.#
##†#≈≈≈≈≈≈≈≈≈# ....#
#...≈≈#≈#≈####
#########.#.≈.≈≈≈≈≈.
#..........≈....
#.###.........[... #
###.........##
##........#


You could see a worm, an adder and a rat.

Vanquished Creatures
  2 adders (D:3)
  2 river rats (D:3)
  A worm (D:3)
  4 bats
  6 endoplasms
  2 giant cockroaches (D:1)
  6 goblins
  5 hobgoblins
  2 jackals (D:2)
  A quokka (D:2)
  4 ball pythons
  3 frilled lizards (D:1)
  2 kobolds
  4 rats
44 creatures vanquished.

Notes
Turn   | Place    | Note
-------+----------+-------------------------------------------
     0 | D:1      | Fek the Hill Orc Fighter began the quest for the Orb.
     0 | D:1      | Reached XP level 1. HP: 19/19 MP: 1/1
   119 | D:1      | Found Teyjuir's Armour Shoppe.
   204 | D:1      | Reached XP level 2. HP: 26/27 MP: 2/2
   693 | D:1      | Found a faded altar of an unknown god.
   905 | D:1      | Reached XP level 3. HP: 33/33 MP: 3/3
  2182 | D:3      | Found a burning altar of Makhleb.
  2329 | D:3      | Reached XP level 4. HP: 15/40 MP: 4/4
  2384 | D:3      | HP: 2/40 [adder (3)]
  2385 | D:3      | Succumbed to an adder's poison

Illustrated notes

Levels and vault maps discovered:
D:1:      minmay_arrival_cross, layout_basic, ebering_ecumenical_altar_rust,
          serial_shops, shop
D:2:      layout_basic, corner_web_ring
D:3:      layout_loops_cross, overflow_temple_1_default, bloody_makhleb,
          serial_shops, shop_fountains, shop, nicolae_shop_trees,
          nicolae_lakefront_shop, nicolae_shop_window_shopping,
          lightli_sewer_entry_pipes

Skill      XL: |  1  2  3  4 |
---------------+-------------+-----
Fighting       | 4 |  4.1
Axes           | 3 4 |  4.1
Armour         | |  3.8
Dodging        | |  0.5
Stealth        | |  0.1
Shields        | |  3.9

Action                   |  1- 3 |  4- 6 || total
-------------------------+-------+-------++-------
Melee: War axe           |   108 |    38 ||   146
Armor: Scale mail        |    44 |    16 ||    60
Dodge: Dodged            |    30 |     8 ||    38
Block: Kite shield       |    69 |    39 ||   108
       Reflection        |     2 |       ||     2
